 Dungeon Crawl Stone Soup version 0.28-a0-1395-g4f6bc678fa (webtiles) character file.

Game seed: 13525119564597805730

1 eustatius the Sneak (level 1, 0/13 HPs)
             Began as a Demonspawn Wanderer on Jan 5, 2022.
             Slain by a jackal (1 damage)
             ... on level 1 of the Dungeon.
             The game lasted 00:00:22 (52 turns).

eustatius the Sneak (Demonspawn Wanderer)             Turns: 52, Time: 00:00:23

Health: 0/13       AC:  3    Str: 12    XL:     1   Next: 16%
Magic:  0/2        EV: 11    Int: 13    God:
Gold:   0          SH:  0    Dex: 12    Spells: 1/2 levels left

rFire   . . .      SeeInvis .   a - +0 club
rCold   . . .      Faith    .   (no shield)
rNeg    . . .      Spirit   .   b - +0 robe
rPois   .          Reflect  .   (no helmet)
rElec   .          Harm     .   c - +0 cloak
rCorr   .          Rampage  .   (no gloves)
Will    .....                   (no boots)
Stlth   ++........              (no amulet)
HPRegen 0.04/turn               (no ring)
MPRegen 0.08/turn               (no ring)

@: no status effects
A: no striking features
a: no special abilities


You were on level 1 of the Dungeon.
You visited 1 branch of the dungeon, and saw 1 of its levels.

Inventory:

Hand Weapons
 a - a +0 club (weapon)
Armour
 b - a +0 robe (worn)
 c - a +0 cloak (worn)
Scrolls
 e - a scroll of brand weapon {unknown}
Potions
 d - a potion of might {unknown}


   Skills:
 + Level 1.0 Dodging
 + Level 3.7 Stealth
 + Level 1.0 Spellcasting
 + Level 3.2 Necromancy
 + Level 1.0 Air Magic


You had one spell level left.
You knew the following spells:

 Your Spells              Type           Power      Damage    Failure   Level
a - Pain                  Necr           36%        1d5       8%          1

Your spell library contained the following spells:

 Spells                   Type           Power      Damage    Failure   Level
 Corpse Rot               Necr/Air       12%        N/A       19%         2
 Poisonous Vapours        Pois/Air       2%         N/A       34%         2
 Dispel Undead            Necr           9%         3d8       58%         4


Dungeon Overview and Level Annotations

Branches:
Dungeon (1/15)

Altars:


Message History

You don't know that spell.
Unknown command.
Casting: Pain (safe; 8% risk of failure)
Confirm with . or Enter, or press ? or * to list all spells.
You don't know that spell.
Unknown command.
Casting: Pain (safe; 8% risk of failure)
Confirm with . or Enter, or press ? or * to list all spells.
You don't have enough magic to cast this spell.
The jackal bites you.
* * * LOW HITPOINT WARNING * * *
You hit the jackal but do no damage.
The jackal is heavily wounded.
The jackal closely misses you. The jackal completely misses you.
You barely miss the jackal.
The jackal is heavily wounded.
The jackal bites you.
* * * LOW HITPOINT WARNING * * *
The jackal bites you but does no damage.
You barely miss the jackal.
The jackal is heavily wounded.
The jackal bites you.
* * * LOW HITPOINT WARNING * * *
Casting: Pain (safe; 8% risk of failure)
Confirm with . or Enter, or press ? or * to list all spells.
You don't know that spell.
Casting: Pain (safe; 8% risk of failure)
Confirm with . or Enter, or press ? or * to list all spells.
You don't know that spell.
Casting: Pain (safe; 8% risk of failure)
Confirm with . or Enter, or press ? or * to list all spells.
You don't know that spell.
You closely miss the jackal.
The jackal is heavily wounded.
The jackal closely misses you. The jackal barely misses you.
Unknown command.
You closely miss the jackal.
The jackal is heavily wounded.
The jackal bites you.
You die...

#............#
...........#
#..........#######
#...........##...
#..≈≈≈.≈≈≈...#.###
..≈≈♣....≈≈......#
.≈≈..8....≈≈.....# .+
≈≈.........≈≈....###...#.
≈...........≈...@hB......
≈........8..≈.####....>..
≈≈..8.<....≈≈.. .......
.≈≈..♣....≈≈.... .......
..≈≈...♣.≈≈...... .......
#..≈≈≈≈≈≈≈..#. .......
##............ .###.#.
###........#. .. .#
##########


You could see a jackal and a giant cockroach.

Vanquished Creatures
  A jackal (D:1)
1 creature vanquished.

Notes
Turn   | Place    | Note
-------+----------+-------------------------------------------
     0 | D:1      | eustatius the Demonspawn Wanderer began the quest for the
                  | Orb.
     0 | D:1      | eustatius set off with the following items: a +0 club, a +0
                  | robe, a +0 cloak; and the following spell memorised: Pain;
                  | and the following spells available to memorise: Corpse Rot,
                  | Poisonous Vapours, Dispel Undead
     0 | D:1      | Reached XP level 1. HP: 13/13 MP: 2/2
    52 | D:1      | Slain by a jackal

Illustrated notes

Levels and vault maps discovered:
D:1:      moated_graveyard_arrival, layout_basic

Action                   || total
-------------------------++-------
Melee: Club              ||    11
 Cast: Pain              ||     2
Armor: Robe              ||     6
Dodge: Dodged            ||    15

Table legend: (Time is in decaauts)
 A = Elapsed time spent in this place.
 B = Non-inter-level travel time spent in this place.
 C = Inter-level travel time spent in this place.
 D = Time resting spent in this place.
 E = Time spent auto-exploring this place.
 F = Levels seen in this place.
 G = Mean time per level.
                   A        B        C        D        E       F      G
               +--------+--------+--------+--------+--------+-----+--------+
         Total |     55 |     18 |     37 |      0 |      0 |   1 |   55.0 |
       Dungeon |     55 |     18 |     37 |      0 |      0 |   1 |   55.0 |
               +--------+--------+--------+--------+--------+-----+--------+

Top non-repeatable levels by time:
     D:1: 55 daAuts
